 Dungeon Crawl Stone Soup version 0.22-a0-430-g6609fc6 (webtiles) character file.

1287 aronpayne the Charmwright (level 8, -6/96 HPs)
             Began as a Gnoll Skald on May 26, 2018.
             Was a Follower of Okawaru.
             Mangled by a troll (11 damage)
             ... on level 5 of the Dungeon.
             The game lasted 00:24:22 (5650 turns).

aronpayne the Charmwright (Gnoll Skald)             Turns: 5650, Time: 00:24:23

Health: -6/96      AC: 24    Str: 16      XL:     8   Next: 55%
Magic:  17/17      EV:  2    Int: 16      God:    Okawaru [*.....]
Gold:   268        SH:  8    Dex: 11 (14) Spells: 18/19 levels left

rFire    . . .     SeeInvis .   m - +2 short sword (speed)
rCold    . . .     Gourm    .   q - +0 shield
rNeg     + + +     Faith    .   (armour currently unavailable)
rPois    +         Spirit   .   (helmet currently unavailable)
rElec    .         Reflect  .   (cloak currently unavailable)
rCorr    .         Harm     .   (gloves currently unavailable)
MR       .....     NoTele   +   (boots currently unavailable)
Stlth    ++........             w - amulet of the acrobat
HPRegen  0.26/turn              (no ring)
MPRegen  0.15/turn              (no ring)

@: tree-form
A: distributed training, strong nose
a: Heroism, Renounce Religion


You were on level 5 of the Dungeon.
You worshipped Okawaru.
Okawaru was aware of your devotion.
You were not hungry.
You were a tree.
You visited 2 branches of the dungeon, and saw 7 of its levels.

You collected 268 gold pieces.

Inventory:

Hand Weapons
 a - a +0 mace
 m - a +2 short sword of speed (weapon)
 s - a +2 quarterstaff of protection
Armour
 i - a +0 helmet (melded)
 n - a +0 chain mail (melded)
 q - a +0 shield (worn)
 x - a +0 pair of gloves (melded)
Magical Staves
 h - an uncursed staff of death
Jewellery
 w - an amulet of the acrobat (around neck)
Scrolls
 b - 4 scrolls of remove curse {unknown}
 e - 2 scrolls of fear {unknown}
 g - 3 scrolls of identify
 j - a scroll of magic mapping
 k - 2 scrolls of teleportation {unknown}
 o - 2 scrolls of immolation
 p - a scroll of enchant weapon
 u - a scroll of random uselessness {unknown}
 v - a scroll of blinking {unknown}
 y - a scroll of noise {unknown}
Potions
 c - a potion of brilliance
 f - a potion of agility
 l - a potion of mutation
Comestibles
 d - 9 rations


   Skills:
 + Level 5.7 Fighting
 + Level 3.3 Short Blades
 + Level 3.3 Long Blades
 + Level 3.3 Axes
 + Level 5.7 Maces & Flails
 + Level 3.3 Polearms
 + Level 3.3 Staves
 + Level 3.3 Slings
 + Level 3.3 Bows
 + Level 3.3 Crossbows
 + Level 3.3 Throwing
 + Level 4.2 Armour
 + Level 5.7 Dodging
 + Level 3.3 Stealth
 + Level 3.3 Shields
 + Level 3.3 Unarmed Combat
 + Level 6.0 Spellcasting
 + Level 2.7 Conjurations
 + Level 2.7 Hexes
 + Level 6.1 Charms
 + Level 2.7 Summonings
 + Level 2.7 Necromancy
 + Level 2.7 Translocations
 + Level 2.7 Transmutations
 + Level 2.7 Fire Magic
 + Level 2.7 Ice Magic
 + Level 2.7 Air Magic
 + Level 2.7 Earth Magic
 + Level 2.7 Poison Magic
 + Level 3.6 Invocations
 + Level 3.3 Evocations


You had 18 spell levels left.
You knew the following spells:

 Your Spells              Type           Power        Failure   Level  Hunger
a - Infusion              Chrm           ###.         4%          1    None

Your spell library contained the following spells:

 Spells                   Type           Power        Failure   Level  Hunger
 Regeneration             Chrm/Necr      ###.......   30%         3    ##.....
 Shroud of Golubria       Chrm/Tloc      ###.......   16%         2    #......
 Song of Slaying          Chrm           ###.....     8%          2    #......
 Spectral Weapon          Hex/Chrm       ###.....     30%         3    ##.....


Dungeon Overview and Level Annotations

Branches:
Dungeon (6/15)             Temple (1/1) D:4

Altars:
Ashenzari
Cheibriados
Dithmenos
Elyvilon
Fedhas
Gozag
Hepliaklqana
Kikubaaqudgha
Makhleb
Nemelex Xobeh
Okawaru
Qazlal
Ru
Sif Muna
Trog
Uskayaw
Vehumet
Wu Jian
Xom
Yredelemnul
Zin
The Shining One


Innate Abilities, Weirdness & Mutations

Your experience applies equally to all skills.
((You have very sharp teeth.))
Your uncanny sense of smell can sniff out nearby items.
((You have hoof-like feet.))
((Your system is resistant to poisons. (rPois)))


Message History

The troll bites you.
* * * LOW HITPOINT WARNING * * *
The troll claws you but does no damage. x2
You hit the troll.
The troll is moderately wounded.
You barely miss the troll.
The troll is moderately wounded.
The troll bites you!
* * * LOW HITPOINT WARNING * * *
The troll claws you but does no damage. You block the troll's attack.
You hit the troll.
The troll is moderately wounded.
The troll bites you but does no damage. The troll claws you but does no damage.
The troll claws you.
* * * LOW HITPOINT WARNING * * *
You feel extremely strange.
Your feet thicken and deform.
You feel resistant to poisons.
Your feet thicken and deform.
The troll bites you!
You die...

###.###.....................'...
#......#.........##+###.....##..
######.#.........##.#''.........
#.....#..<.............#..#
#########.########.............
#............#####...........#.
#.#####.#................##....
#.#####.#+##.............##..##
#.##.........T♣..........##....
##.#####...........####...###.##
#.............#....####...###.##
########.............####.......
#..............(# #.......
#...............# #.......
#...###.........####.......
#..................#.......
#.....................###..


You could see a troll.

Vanquished Creatures
  The ghost of KristoblXynda the Chopper, an amateur DrMo of Qazlal (D:4)
  Sigmund (D:3)
  A water moccasin (D:5)
  An ice beast (D:6)
  A scorpion (D:4)
  A howler monkey (D:5)
  An electric eel (D:6)
  A crimson imp (D:5)
  A quasit (D:6)
  A hound (D:4)
  2 bullfrog skeletons
  A jelly (D:5)
  Natasha (D:3)
  5 worker ants
  3 gnolls (D:4)
  9 adders
  A shadow imp (D:5)
  An ooze (D:3)
  An adder skeleton (D:3)
  An adder zombie (D:5)
  5 worms
  4 dart slugs
  5 leopard geckos
  8 orcs
  2 ball pythons
  11 bats
  5 giant cockroaches
  10 goblins
  12 hobgoblins
  13 jackals
  A quokka (D:3)
  7 frilled lizards
  7 kobolds
  A leopard gecko skeleton (D:4)
  A quokka skeleton (D:4)
  A quokka zombie (D:5)
  9 rats
137 creatures vanquished.

Notes
Turn   | Place    | Note
-------+----------+-------------------------------------------
     0 | D:1      | aronpayne the Gnoll Skald began the quest for the Orb.
     0 | D:1      | Reached XP level 1. HP: 20/20 MP: 6/6
    87 | D:1      | Reached XP level 2. HP: 16/26 MP: 7/7
   558 | D:1      | Reached XP level 3. HP: 31/31 MP: 9/9
   710 | D:1      | Reached skill level 5 in Spellcasting
   789 | D:1      | Reached skill level 1 in Invocations
  1057 | D:2      | Reached skill level 1 in Short Blades
  1057 | D:2      | Reached skill level 1 in Long Blades
  1057 | D:2      | Reached skill level 1 in Axes
  1057 | D:2      | Reached skill level 1 in Polearms
  1057 | D:2      | Reached skill level 1 in Staves
  1057 | D:2      | Reached skill level 1 in Slings
  1057 | D:2      | Reached skill level 1 in Bows
  1057 | D:2      | Reached skill level 1 in Crossbows
  1057 | D:2      | Reached skill level 1 in Throwing
  1057 | D:2      | Reached skill level 1 in Stealth
  1057 | D:2      | Reached skill level 1 in Shields
  1057 | D:2      | Reached skill level 1 in Unarmed Combat
  1057 | D:2      | Reached skill level 1 in Evocations
  1065 | D:2      | Reached XP level 4. HP: 34/38 MP: 11/11
  1439 | D:2      | Found a faded altar of an unknown god.
  1454 | D:2      | Reached skill level 1 in Conjurations
  1454 | D:2      | Reached skill level 1 in Hexes
  1454 | D:2      | Reached skill level 1 in Summonings
  1454 | D:2      | Reached skill level 1 in Necromancy
  1454 | D:2      | Reached skill level 1 in Translocations
  1454 | D:2      | Reached skill level 1 in Transmutations
  1454 | D:2      | Reached skill level 1 in Fire Magic
  1454 | D:2      | Reached skill level 1 in Ice Magic
  1454 | D:2      | Reached skill level 1 in Air Magic
  1454 | D:2      | Reached skill level 1 in Earth Magic
  1454 | D:2      | Reached skill level 1 in Poison Magic
  1728 | D:3      | Reached XP level 5. HP: 24/43 MP: 12/12
  1851 | D:3      | Noticed Sigmund
  1892 | D:3      | Killed Sigmund
  1892 | D:3      | Reached XP level 6. HP: 42/50 MP: 14/14
  2098 | D:3      | Reached skill level 5 in Fighting
  2098 | D:3      | Reached skill level 5 in Maces & Flails
  2098 | D:3      | Reached skill level 5 in Dodging
  2257 | D:3      | Noticed Natasha
  2270 | D:3      | Killed Natasha
  2619 | D:4      | Found a staircase to the Ecumenical Temple.
  2635 | D:4      | Noticed KristoblXynda's ghost (amateur DrMo)
  2726 | D:4      | Killed KristoblXynda's ghost
  2726 | D:4      | Reached XP level 7. HP: 41/56 MP: 15/15
  2911 | Temple   | Entered the Ecumenical Temple
  2953 | Temple   | Became a worshipper of Warmaster Okawaru
  3925 | D:5      | Entered Level 5 of the Dungeon
  4200 | D:5      | Reached XP level 8. HP: 63/63 MP: 16/16
  5027 | D:5      | Found a deep blue altar of Sif Muna.
  5566 | D:6      | Noticed a troll
  5572 | D:6      | Reached * piety under Okawaru
  5650 | D:5      | Gained mutation: You have large cloven feet. [potion of mutation]
  5650 | D:5      | Gained mutation: Your system is resistant to poisons. (rPois) [potion of mutation]
  5650 | D:5      | Gained mutation: You have hoof-like feet. [potion of mutation]
  5650 | D:5      | Mangled by a troll

Vault maps used:
D:1:      dpeg_arrival_concentric_ovals, minmay_tromino_v4_c
D:2:      chequers_ecumenical_altar_simple_redux, first_ration
D:3:      uniq_sigmund, uniq_natasha
D:4:      minmay_temple_entry_trees, serial_glass, glass_columns_a,
          glass_columns_a, glass_columns_b, glass_columns_b,
          minmay_goblin_outpost
D:5:      lemuel_blue_sif_altar
D:6:      minivault_26, lightli_minifort, uniq_edmund
Temple:   nicolae_temple_the_god_donut

Skill      XL: |  1  2  3  4  5  6  7  8 |
---------------+-------------------------+-----
Spellcasting   | 5 6 |  6.0
Invocations    | 1 2 3 |  3.6
Short Blades   | 1 2 3 |  3.3
Long Blades    | 1 2 3 |  3.3
Axes           | 1 2 3 |  3.3
Polearms       | 1 2 3 |  3.3
Staves         | 1 2 3 |  3.3
Slings         | 1 2 3 |  3.3
Bows           | 1 2 3 |  3.3
Crossbows      | 1 2 3 |  3.3
Throwing       | 1 2 3 |  3.3
Stealth        | 1 2 3 |  3.3
Shields        | 1 2 3 |  3.3
Unarmed Combat | 1 2 3 |  3.3
Evocations     | 1 2 3 |  3.3
Conjurations   | 1 2 |  2.7
Hexes          | 1 2 |  2.7
Summonings     | 1 2 |  2.7
Necromancy     | 1 2 |  2.7
Translocations | 1 2 |  2.7
Transmutations | 1 2 |  2.7
Fire Magic     | 1 2 |  2.7
Ice Magic      | 1 2 |  2.7
Air Magic      | 1 2 |  2.7
Earth Magic    | 1 2 |  2.7
Poison Magic   | 1 2 |  2.7
Armour         | 3 4 |  4.2
Fighting       | 5 |  5.7
Maces & Flails | 5 |  5.7
Dodging        | 5 |  5.7
Charms         | 6 |  6.1

Action                   |  1- 3 |  4- 6 |  7- 9 || total
-------------------------+-------+-------+-------++-------
Melee: Mace              |    86 |       |       ||    86
       Bite              |     3 |    37 |    48 ||    88
       Short sword       |    19 |   309 |   289 ||   617
       Staff             |       |       |    70 ||    70
  Use: Potion            |       |     6 |     7 ||    13
       Scroll            |       |     6 |     2 ||     8
  Eat: Chunk             |     1 |     5 |     6 ||    12
       Ration            |       |       |     1 ||     1
Armor: Leather armour    |     9 |       |       ||     9
       Scale mail        |    19 |       |       ||    19
       Chain mail        |     5 |   177 |   158 ||   340
       Skin              |       |       |    13 ||    13
Dodge: Dodged            |    79 |   104 |    85 ||   268
Block: Shield            |       |    30 |   159 ||   189

Table legend:
 A = Spawn XP
 B = Non-spawn XP
 C = Spawn XP percentage of total XP
 D = Spawn monster count
 E = Non-spawn monster count
 F = Spawn count percentage of total count
 G = Total turns spent on level
                    A         B        C        D         E        F      G
               +---------+---------+-------+---------+---------+-------+---------
         Total |       0 |    1839 |   0.0 |       0 |     137 |   0.0 |  5650
               +---------+---------+-------+---------+---------+-------+---------
           D:1 |       0 |      61 |   0.0 |       0 |      32 |   0.0 |   940
           D:2 |       0 |      83 |   0.0 |       0 |      29 |   0.0 |   727
           D:3 |       0 |     355 |   0.0 |       0 |      28 |   0.0 |   959
           D:4 |       0 |     592 |   0.0 |       0 |      21 |   0.0 |  1045
           D:5 |       0 |     486 |   0.0 |       0 |      18 |   0.0 |  1185
           D:6 |       0 |     262 |   0.0 |       0 |       9 |   0.0 |   540
               +---------+---------+-------+---------+---------+-------+---------
